[Event "12th Asrian Memorial 2019"]
[Site "Yerevan"]
[Date "2019.06.11"]
[Round "1.5"]
[White "Kulaots, Kaido"]
[Black "Arakelyan, Nare"]
[Result "1-0"]
[ECO "B92"]
[WhiteElo "2574"]
[BlackElo "1927"]
[Annotator "ChessBase"]
[PlyCount "51"]
[EventDate "2019.06.11"]
[EventType "swiss"]
[EventCountry "ARM"]
[SourceTitle "playchess.com"]
[Source "ChessBase"]
[SourceQuality "1"]
[TimeControl "40/5400+30:1800+30"]

1. e4 c5 2. Nf3 d6 3. d4 cxd4 4. Nxd4 Nf6 5. Nc3 a6 6. Be2 e5 7. Nf3 Be7 8. Bg5 Be6 9. Bxf6 Bxf6 10. Nd5 Nd7 11. O-O O-O 12. a4 Rc8 13. c3 Be7 14. Ne1 Nc5 15. Bf3 Bxd5 16. Qxd5 Qb6 17. Bg4 Qxb2 18. Ra2 Qxc3 19. Bxc8 Rxc8 20. Nc2 Rc6 21. Ne3 Qb4 22. Rc2 Qxa4 23. Rb1 Qxe4 24. Rxb7 Qxd5 25. Rb8+ Bf8 26. Nxd5 1-0

[Event "12th Asrian Memorial 2019"]
[Site "Yerevan"]
[Date "2019.06.11"]
[Round "1.6"]
[White "Sahakyan, Aleks"]
[Black "Harutyunian, Tigran K."]
[Result "0-1"]
[ECO "C85"]
[WhiteElo "1887"]
[BlackElo "2552"]
[Annotator "ChessBase"]
[PlyCount "103"]
[EventDate "2019.06.11"]
[EventType "swiss"]
[EventCountry "ARM"]
[SourceTitle "playchess.com"]
[Source "ChessBase"]
[SourceQuality "1"]
[TimeControl "40/5400+30:1800+30"]

1. e4 e5 2. Nf3 Nc6 3. Bb5 a6 4. Ba4 Nf6 5. O-O Be7 6. Bxc6 dxc6 7. d3 Nd7 8. Nbd2 c5 9. Nc4 f6 10. Nh4 O-O 11. f4 b5 12. Na5 Bd6 13. f5 c6 14. Bd2 Nb8 15. a3 Bc7 16. b4 c4 17. Rf3 c5 18. dxc4 Qd4+ 19. Be3 Qxe4 20. Bxc5 Rd8 21. Rd3 Nd7 22. Qh5 Bxa5 23. bxa5 Bb7 24. Be7 bxc4 25. Rd6 Re8 26. Rxd7 Bc6 27. Rd6 Rxe7 28. Rad1 Rf8 29. Rxc6 Qxc6 30. Ng6 Qc5+ 31. Kh1 Rb8 32. Nxe7+ Qxe7 33. h3 Qxa3 34. Qg4 Qa4 35. Rd6 Qxc2 36. Rc6 h5 37. Qf3 Rb1+ 38. Kh2 Qd1 39. Qxd1 Rxd1 40. Rxa6 Ra1 41. Rc6 Kh7 42. Rxc4 Rxa5 43. h4 Ra1 44. g4 hxg4 45. Kg2 Rd1 46. Kg3 Rd4 47. Rc7 Rf4 48. Re7 Kh6 49. Re8 Rxf5 50. Kxg4 Rf4+ 51. Kg3 Kh7 52. Kh2 0-1

[Event "12th Asrian Memorial 2019"]
[Site "Yerevan"]
[Date "2019.06.11"]
[Round "1.7"]
[White "Vaganian, Rafael A"]
[Black "Karamyan, Vardan"]
[Result "1/2-1/2"]
[ECO "D15"]
[WhiteElo "2526"]
[BlackElo "1877"]
[Annotator "ChessBase"]
[PlyCount "74"]
[EventDate "2019.06.11"]
[EventType "swiss"]
[EventCountry "ARM"]
[SourceTitle "playchess.com"]
[Source "ChessBase"]
[SourceQuality "1"]
[TimeControl "40/5400+30:1800+30"]

1. d4 d5 2. c4 c6 3. Nf3 Nf6 4. Nc3 a6 5. c5 Nbd7 6. Bf4 g6 7. h3 Bg7 8. e3 O-O 9. Be2 Ne8 10. O-O Nc7 11. b4 Re8 12. Qd2 e5 13. Nxe5 Nxe5 14. Bxe5 Bxe5 15. dxe5 a5 16. a3 axb4 17. axb4 Rxa1 18. Rxa1 Rxe5 19. b5 Re8 20. Ra7 Ne6 21. Na4 Nxc5 22. Nxc5 Qb6 23. Ra5 Qxc5 24. bxc6 Qb6 25. Rxd5 bxc6 26. Rd6 Be6 27. Bf3 Qb1+ 28. Kh2 c5 29. Rc6 Qb8+ 30. g3 Qe5 31. Bg2 c4 32. f4 Qb8 33. g4 Rc8 34. Rxc8+ Qxc8 35. Qc3 Qb8 36. Qf6 Qc7 37. Qc3 Qc8 1/2-1/2

[Event "12th Asrian Memorial 2019"]
[Site "Yerevan"]
[Date "2019.06.11"]
[Round "1.8"]
[White "Khudoyan, Artur"]
[Black "Sargsyan, Shant"]
[Result "0-1"]
[ECO "B28"]
[WhiteElo "1874"]
[BlackElo "2512"]
[Annotator "ChessBase"]
[PlyCount "50"]
[EventDate "2019.06.11"]
[EventType "swiss"]
[EventCountry "ARM"]
[SourceTitle "playchess.com"]
[Source "ChessBase"]
[SourceQuality "1"]
[TimeControl "40/5400+30:1800+30"]

1. e4 c5 2. Nf3 a6 3. c3 d5 4. exd5 Qxd5 5. d4 Bg4 6. Be2 e6 7. O-O Nf6 8. c4 Qd8 9. Qa4+ Qd7 10. Qb3 Nc6 11. d5 exd5 12. cxd5 Nxd5 13. Rd1 O-O-O 14. Nc3 Nxc3 15. Qxc3 Qxd1+ 16. Bxd1 Rxd1+ 17. Ne1 Bd6 18. f3 Re8 19. Kf2 Rdxe1 20. Qxe1 Rxe1 21. Kxe1 Be6 22. Be3 Nb4 23. Rd1 Nc2+ 24. Kf2 Nxe3 25. Rxd6 Nd5 0-1

[Event "12th Asrian Memorial 2019"]
[Site "Yerevan"]
[Date "2019.06.11"]
[Round "1.9"]
[White "Babujian, Levon"]
[Black "Matevosyan, Matevos"]
[Result "1-0"]
[ECO "A45"]
[WhiteElo "2485"]
[BlackElo "1874"]
[Annotator "ChessBase"]
[PlyCount "81"]
[EventDate "2019.06.11"]
[EventType "swiss"]
[EventCountry "ARM"]
[SourceTitle "playchess.com"]
[Source "ChessBase"]
[SourceQuality "1"]
[TimeControl "40/5400+30:1800+30"]

1. d4 Nf6 2. Bg5 Ne4 3. Bf4 d5 4. f3 Nf6 5. Nc3 c5 6. e3 e6 7. Nge2 Be7 8. Qd2 Nh5 9. Be5 Nc6 10. g4 Bh4+ 11. Bg3 cxd4 12. exd4 Nxg3 13. hxg3 Bf6 14. f4 g5 15. O-O-O gxf4 16. gxf4 Qb6 17. g5 Be7 18. Qd3 Nb4 19. Qe3 Bd7 20. Bg2 O-O-O 21. a3 Nc6 22. Bxd5 exd5 23. Nxd5 Qa6 24. Nxe7+ Nxe7 25. Qxe7 Bc6 26. d5 Bxd5 27. Qc5+ Bc6 28. Nd4 Rd5 29. Qc3 Rhd8 30. Rhe1 Qb6 31. Nxc6 Rxd1+ 32. Rxd1 bxc6 33. Re1 Kb7 34. Kb1 Qc7 35. Qb4+ Kc8 36. Re5 f6 37. gxf6 Rd1+ 38. Ka2 Qf7+ 39. Qb3 Qxf6 40. Re6 Qg7 41. Rxc6+ 1-0

[Event "12th Asrian Memorial 2019"]
[Site "Yerevan"]
[Date "2019.06.11"]
[Round "1.10"]
[White "Khachatryan, Veronika"]
[Black "Kotanjian, Tigran"]
[Result "1/2-1/2"]
[ECO "D00"]
[WhiteElo "1868"]
[BlackElo "2462"]
[Annotator "ChessBase"]
[PlyCount "162"]
[EventDate "2019.06.11"]
[EventType "swiss"]
[EventCountry "ARM"]
[SourceTitle "playchess.com"]
[Source "ChessBase"]
[SourceQuality "1"]
[TimeControl "40/5400+30:1800+30"]

1. d4 d5 2. Bf4 Nf6 3. e3 c5 4. Nf3 Nc6 5. Nbd2 cxd4 6. exd4 Bg4 7. c3 e6 8. Qb3 Qc8 9. Bb5 Bxf3 10. Nxf3 Be7 11. O-O O-O 12. Qd1 a6 13. Bd3 b5 14. a3 Qb7 15. Qe2 Rfc8 16. Rfe1 Bf8 17. Be5 Qe7 18. Bf4 g6 19. Bg5 Bg7 20. Ne5 Qb7 21. f4 Na5 22. Rad1 Nc4 23. Bxc4 bxc4 24. Bxf6 Bxf6 25. Rd2 Bg7 26. Qg4 Qe7 27. Qf3 Rab8 28. Ree2 Rb6 29. Ng4 Qd8 30. Ne5 Rcb8 31. g3 R8b7 32. Kg2 Qf6 33. Ng4 Qf5 34. Ne3 Qb1 35. Qf2 f5 36. Rc2 Bf6 37. Re1 Qa2 38. Nd1 Rg7 39. Rce2 Qb1 40. Qf3 Re7 41. Qe3 Qe4+ 42. Qf3 Qxf3+ 43. Kxf3 g5 44. Rd2 Rg7 45. Ne3 gxf4 46. gxf4 Kf7 47. Rde2 Rg6 48. Rd1 Rh6 49. Rg1 Rb8 50. Rg3 Rg6 51. Ng2 Rbg8 52. Ne3 Be7 53. Nc2 Bd6 54. Ne3 R8g7 55. Reg2 Ke7 56. Rg1 Kd7 57. Rxg6 hxg6 58. h4 Rh7 59. Ng2 Be7 60. Kg3 Bd6 61. Ne1 Kc6 62. Nf3 Kb5 63. Re1 Re7 64. Re2 Ka4 65. Ng5 Kb3 66. Kf3 Ka2 67. Nxe6 Kb1 68. Kg3 a5 69. Kf3 a4 70. Nc5 Bxc5 71. dxc5 Rc7 72. Ke3 Rxc5 73. Kd4 Rb5 74. Rg2 Rxb2 75. Rg1+ Ka2 76. Kxd5 Rf2 77. Kxc4 Rxf4+ 78. Kb5 Rg4 79. Rh1 Kxa3 80. c4 Rg2 81. Rh3+ Kb2 1/2-1/2

[Event "12th Asrian Memorial 2019"]
[Site "Yerevan"]
[Date "2019.06.11"]
[Round "1.11"]
[White "Mikaelyan, Arman"]
[Black "Abgaryan, Harutyun V."]
[Result "1-0"]
[ECO "B23"]
[WhiteElo "2453"]
[BlackElo "1855"]
[Annotator "ChessBase"]
[PlyCount "49"]
[EventDate "2019.06.11"]
[EventType "swiss"]
[EventCountry "ARM"]
[SourceTitle "playchess.com"]
[Source "ChessBase"]
[SourceQuality "1"]
[TimeControl "40/5400+30:1800+30"]

1. e4 c5 2. Nc3 d6 3. f4 Nc6 4. Nf3 Nf6 5. Bb5 e6 6. O-O Be7 7. e5 Nd7 8. Bxc6 bxc6 9. exd6 Bxd6 10. d3 Qc7 11. Ne4 h6 12. Qe1 Bb7 13. Bd2 O-O 14. Ba5 Nb6 15. Ne5 Qe7 16. Qg3 Nd5 17. c4 Nf6 18. Nxd6 Qxd6 19. Bc3 Rad8 20. Rf3 Qe7 21. Re1 Qd6 22. Nd7 Rxd7 23. Bxf6 g6 24. Qh4 Kh7 25. Qxh6+ 1-0

[Event "12th Asrian Memorial 2019"]
[Site "Yerevan"]
[Date "2019.06.11"]
[Round "1.12"]
[White "Julhakyan, Vania"]
[Black "Hayrapetyan, Hovik"]
[Result "0-1"]
[ECO "A06"]
[WhiteElo "1842"]
[BlackElo "2449"]
[Annotator "NA"]
[PlyCount "70"]
[EventDate "2019.06.11"]
[EventType "swiss"]
[EventCountry "ARM"]
[SourceTitle "playchess.com"]
[Source "ChessBase"]
[SourceQuality "1"]
[TimeControl "40/5400+30:1800+30"]

1. Nf3 d5 2. b3 Nf6 3. Bb2 e6 4. e3 Bd6 5. c4 O-O 6. Be2 Nbd7 7. O-O c6 8. d3 Qe7 9. Nbd2 a5 10. a3 b6 11. Re1 Bb7 12. Qc2 Rac8 13. h3 e5 14. e4 dxe4 15. dxe4 g6 16. Bf1 Nh5 17. g3 f6 18. Bg2 Rfd8 19. Nh4 Nf8 20. Bf3 Ng7 21. Nf1 Nfe6 22. Red1 Bc5 23. Bg4 Kf7 24. a4 h5 25. Rxd8 Rxd8 26. Bd1 Ng5 27. Kg2 Qd7 28. g4 N7e6 29. f3 Nf4+ 30. Kh2 hxg4 31. fxg4 Rh8 32. Kg3 Rxh4 33. Kxh4 Qd3 34. Qxd3 Bf2+ 35. Qg3 Ng2# 0-1

[Event "12th Asrian Memorial 2019"]
[Site "Yerevan"]
[Date "2019.06.11"]
[Round "1.13"]
[White "Gholami Orimi, Mahdi"]
[Black "Ghazaryan, Raffi"]
[Result "1-0"]
[ECO "A58"]
[WhiteElo "2445"]
[BlackElo "1831"]
[Annotator "NA"]
[PlyCount "71"]
[EventDate "2019.06.11"]
[EventType "swiss"]
[EventCountry "ARM"]
[SourceTitle "playchess.com"]
[Source "ChessBase"]
[SourceQuality "1"]
[TimeControl "40/5400+30:1800+30"]

1. d4 Nf6 2. c4 c5 3. d5 b5 4. cxb5 a6 5. bxa6 g6 6. Nc3 Bg7 7. g3 d6 8. Bg2 Nxa6 9. Nf3 O-O 10. O-O Bf5 11. Nh4 Bd7 12. h3 Qb6 13. Rb1 Rfb8 14. Bd2 Nc7 15. e4 Qa6 16. Kh2 h6 17. f4 Qd3 18. Rf3 Qd4 19. Qe1 Nb5 20. Re3 Nxc3 21. Bxc3 Qa4 22. e5 Nh5 23. e6 Be8 24. exf7+ Bxf7 25. Rxe7 Bxc3 26. bxc3 Rxb1 27. Qxb1 Qxa2 28. Qd3 c4 29. Qf3 Nf6 30. g4 Qd2 31. Re2 Qc1 32. f5 g5 33. Ng6 Ra1 34. Qf2 Nxd5 35. Qd4 Qxc3 36. Re8+ 1-0

[Event "12th Asrian Memorial 2019"]
[Site "Yerevan"]
[Date "2019.06.12"]
[Round "2.2"]
[White "Onischuk, Vladimir"]
[Black "Sargsyan, Anna M."]
[Result "1-0"]
[ECO "A06"]
[WhiteElo "2630"]
[BlackElo "2290"]
[Annotator "RC"]
[PlyCount "67"]
[EventDate "2019.06.11"]
[EventType "swiss"]
[EventCountry "ARM"]
[SourceTitle "playchess.com"]
[Source "ChessBase"]
[SourceQuality "1"]
[TimeControl "40/5400+30:1800+30"]

1. Nf3 d5 2. g3 Bg4 3. Bg2 Nd7 4. d3 c6 5. O-O e5 6. h3 Bh5 7. e4 Bd6 8. exd5 cxd5 9. Nc3 Ne7 10. g4 Bg6 11. Nh4 Nb6 12. a4 d4 13. Nb5 Nbd5 14. c4 dxc3 15. bxc3 O-O 16. Nxg6 hxg6 17. d4 Bb8 18. dxe5 Bxe5 19. Re1 f6 20. Ba3 a6 21. Nd4 Rf7 22. Bxe7 Nxe7 23. Bxb7 Rb8 24. Bxa6 Qc7 25. Qd3 Kh7 26. Bc4 Rff8 27. Ne6 Qa5 28. Nxf8+ Rxf8 29. Rad1 Rc8 30. Re4 Nc6 31. Qf3 Bxc3 32. Rd5 Qb4 33. g5 fxg5 34. Rxg5 1-0

[Event "12th Asrian Memorial 2019"]
[Site "Yerevan"]
[Date "2019.06.12"]
[Round "2.4"]
[White "Andriasian, Zaven"]
[Black "Akopov, Roman"]
[Result "1-0"]
[ECO "C50"]
[WhiteElo "2600"]
[BlackElo "2264"]
[Annotator "RC"]
[PlyCount "93"]
[EventDate "2019.06.11"]
[EventType "swiss"]
[EventCountry "ARM"]
[SourceTitle "playchess.com"]
[Source "ChessBase"]
[SourceQuality "1"]
[TimeControl "40/5400+30:1800+30"]

1. e4 e5 2. Nf3 Nc6 3. Bc4 Bc5 4. d3 Nf6 5. Nbd2 d6 6. c3 a6 7. Bb3 O-O 8. O-O Ba7 9. h3 h6 10. Re1 Nh5 11. Nf1 Qf6 12. Ne3 Nf4 13. Ng4 Bxg4 14. hxg4 Ne6 15. g3 Rad8 16. Kg2 Na5 17. Bc2 Nc6 18. Qe2 d5 19. Rh1 dxe4 20. dxe4 Rd7 21. Bb3 Ne7 22. g5 hxg5 23. Bxe6 Qxe6 24. Nxg5 Qg6 25. Rh4 Rfd8 26. Be3 Bxe3 27. Rah1 Kf8 28. Qxe3 Ng8 29. Rh8 Ke7 30. Nf3 Qd6 31. R1h5 f6 32. Nh4 Qb6 33. Qe2 Rd2 34. Nf5+ Kf8 35. Rxg8+ Kxg8 36. Qc4+ R8d5 37. Nd4 Qc5 38. Qxc5 Rxc5 39. Nb3 Rb5 40. Nxd2 Rxb2 41. Nc4 Rc2 42. Rh1 Rxc3 43. Ne3 Kf7 44. Nf5 g6 45. Rh7+ Kf8 46. Ne7 g5 47. Nd5 1-0

[Event "12th Asrian Memorial 2019"]
[Site "Yerevan"]
[Date "2019.06.12"]
[Round "2.5"]
[White "Ghukasyan, Siranush"]
[Black "Kulaots, Kaido"]
[Result "0-1"]
[ECO "B56"]
[WhiteElo "2255"]
[BlackElo "2574"]
[Annotator "ChessBase"]
[PlyCount "64"]
[EventDate "2019.06.11"]
[EventType "swiss"]
[EventCountry "ARM"]
[SourceTitle "playchess.com"]
[Source "ChessBase"]
[SourceQuality "1"]
[TimeControl "40/5400+30:1800+30"]

1. e4 c5 2. Nf3 d6 3. d4 cxd4 4. Nxd4 Nf6 5. Nc3 Bd7 6. Be2 g6 7. Be3 Bg7 8. f3 Nc6 9. Qd2 h5 10. O-O-O Rc8 11. Kb1 Ne5 12. g3 a6 13. h3 b5 14. a3 Nc4 15. Bxc4 Rxc4 16. g4 h4 17. Qe1 Qb8 18. Na2 d5 19. g5 Nh5 20. exd5 Ng3 21. Rg1 Nf5 22. c3 a5 23. Ka1 O-O 24. Nxf5 Bxf5 25. Bd4 Bxd4 26. Rxd4 Rxd4 27. cxd4 b4 28. Qxe7 Re8 29. Qc5 Qh2 30. Rd1 Re2 31. Qxa5 Rxb2 32. Nxb4 Rb3 0-1

[Event "12th Asrian Memorial 2019"]
[Site "Yerevan"]
[Date "2019.06.12"]
[Round "2.6"]
[White "Harutyunian, Tigran K."]
[Black "Mnatsakanian, Arsen"]
[Result "1-0"]
[ECO "A30"]
[WhiteElo "2552"]
[BlackElo "2255"]
[Annotator "RC"]
[PlyCount "65"]
[EventDate "2019.06.11"]
[EventType "swiss"]
[EventCountry "ARM"]
[SourceTitle "playchess.com"]
[Source "ChessBase"]
[SourceQuality "1"]
[TimeControl "40/5400+30:1800+30"]

1. c4 c5 2. Nf3 Nf6 3. Nc3 g6 4. e4 Nc6 5. d4 cxd4 6. Nxd4 Nxd4 7. Qxd4 Bg7 8. Be2 O-O 9. O-O d6 10. Qd3 a5 11. Be3 a4 12. Rab1 Bd7 13. Rfd1 Qa5 14. b4 axb3 15. axb3 Rfc8 16. b4 Qc7 17. Nb5 Bxb5 18. cxb5 Qd8 19. h3 Nd7 20. Qd5 Nb6 21. Qxb7 Na4 22. Bd2 e6 23. Rbc1 Bc3 24. b6 Bxd2 25. Rxc8 Rxc8 26. Rxd2 Rc1+ 27. Bf1 Kg7 28. Ra2 Nc3 29. Ra7 Kf6 30. Ra8 Qe7 31. Qxe7+ Kxe7 32. b7 Ne2+ 33. Kh2 1-0

[Event "12th Asrian Memorial 2019"]
[Site "Yerevan"]
[Date "2019.06.12"]
[Round "2.7"]
[White "Sargsyan, Shant"]
[Black "Piliposyan, Robert"]
[Result "1-0"]
[ECO "E17"]
[WhiteElo "2512"]
[BlackElo "2188"]
[Annotator "ChessBase"]
[PlyCount "115"]
[EventDate "2019.06.11"]
[EventType "swiss"]
[EventCountry "ARM"]
[SourceTitle "playchess.com"]
[Source "ChessBase"]
[SourceQuality "1"]
[TimeControl "40/5400+30:1800+30"]

1. d4 Nf6 2. c4 e6 3. Nf3 b6 4. g3 Bb7 5. Bg2 Be7 6. O-O O-O 7. Re1 d5 8. cxd5 exd5 9. Nc3 Nbd7 10. Nh4 Re8 11. Nf5 Bf8 12. Bg5 h6 13. Bf4 c6 14. Qc2 Nh5 15. Bd2 Nhf6 16. Rad1 a5 17. h4 b5 18. Bf4 Nb6 19. e4 Nxe4 20. Nxe4 dxe4 21. Bxe4 Nd5 22. Be5 f6 23. Bd6 Bxd6 24. Bxd5+ cxd5 25. Rxe8+ Qxe8 26. Nxd6 Qd7 27. Qc5 Ra6 28. Nxb7 Qxb7 29. Rc1 Re6 30. Kf1 Re4 31. f3 Re8 32. Qd6 Qf7 33. Kf2 Kh8 34. Rc7 Qg6 35. Qc6 b4 36. Qc2 Qxc2+ 37. Rxc2 a4 38. Rc5 b3 39. axb3 Rb8 40. bxa4 Rxb2+ 41. Ke3 Rb3+ 42. Kf4 Rb4 43. Rxd5 Rxa4 44. Rd8+ Kh7 45. h5 Rb4 46. g4 Ra4 47. Ke4 Rb4 48. Ra8 Rb1 49. Kd5 Rb3 50. Kc4 Rxf3 51. d5 Rf1 52. d6 Rd1 53. Kc5 Rc1+ 54. Kb6 Rd1 55. Kc7 Rc1+ 56. Kd8 Rd1 57. d7 g6 58. Ke7 1-0

[Event "12th Asrian Memorial 2019"]
[Site "Yerevan"]
[Date "2019.06.12"]
[Round "2.8"]
[White "Yeritsyan, Hayk"]
[Black "Babujian, Levon"]
[Result "0-1"]
[ECO "D77"]
[WhiteElo "2208"]
[BlackElo "2485"]
[Annotator "ChessBase"]
[PlyCount "130"]
[EventDate "2019.06.11"]
[EventType "swiss"]
[EventCountry "ARM"]
[SourceTitle "playchess.com"]
[Source "ChessBase"]
[SourceQuality "1"]
[TimeControl "40/5400+30:1800+30"]

1. d4 Nf6 2. c4 g6 3. Nf3 Bg7 4. g3 O-O 5. Bg2 d5 6. O-O dxc4 7. Na3 c3 8. bxc3 c5 9. Re1 Ne4 10. Qc2 f5 11. Bf4 Nc6 12. Red1 Qa5 13. Qb3+ Kh8 14. Rac1 Qb6 15. Nc4 Qxb3 16. axb3 b5 17. Ncd2 Bb7 18. Nxe4 fxe4 19. Ng5 cxd4 20. Ne6 Na5 21. cxd4 Rfc8 22. Nxg7 Kxg7 23. b4 Rxc1 24. Rxc1 Nc4 25. Rd1 Bd5 26. Ra1 a5 27. bxa5 Rxa5 28. Rxa5 Nxa5 29. Bd2 Nc6 30. e3 b4 31. Bf1 b3 32. Bc3 Na5 33. Bb5 Nc4 34. Bxc4 Bxc4 35. Kg2 Be2 36. f4 exf3+ 37. Kf2 Kf6 38. e4 Ke6 39. d5+ Kd6 40. Bd4 Kc7 41. Ke3 Kb7 42. Bb2 Kb6 43. Ba3 Kb5 44. e5 g5 45. d6 exd6 46. exd6 Kc6 47. g4 Bd1 48. h3 Kd7 49. Kf2 Be2 50. Ke3 Bf1 51. h4 gxh4 52. Kxf3 h6 53. Kf2 Bh3 54. Kf3 Ke6 55. Kf4 Bg2 56. Ke3 Bc6 57. Kf2 Ke5 58. Ke3 h3 59. Kf2 h2 60. d7 Bxd7 61. Kg2 Bxg4 62. Kxh2 Kd4 63. Bf8 Kd3 64. Bg7 Kc2 65. Kg3 Bd1 0-1

[Event "12th Asrian Memorial 2019"]
[Site "Yerevan"]
[Date "2019.06.12"]
[Round "2.10"]
[White "Hayrapetyan, Hovik"]
[Black "Basencyan, Mark"]
[Result "1-0"]
[ECO "E68"]
[WhiteElo "2449"]
[BlackElo "2154"]
[Annotator "NA"]
[PlyCount "63"]
[EventDate "2019.06.11"]
[EventType "swiss"]
[EventCountry "ARM"]
[SourceTitle "playchess.com"]
[Source "ChessBase"]
[SourceQuality "1"]
[TimeControl "40/5400+30:1800+30"]

1. d4 Nf6 2. c4 g6 3. Nc3 Bg7 4. Nf3 O-O 5. g3 d6 6. Bg2 Nbd7 7. O-O e5 8. e4 exd4 9. Nxd4 Re8 10. h3 Nc5 11. Re1 a5 12. b3 h6 13. Rb1 c6 14. a3 Nh7 15. b4 axb4 16. axb4 Ne6 17. Be3 Nxd4 18. Bxd4 Be6 19. Rc1 Ra3 20. Bxg7 Kxg7 21. Re3 Ra8 22. Ne2 Ra2 23. Nf4 Nf8 24. Bf1 Re7 25. Qd4+ Kh7 26. Rd3 Rd7 27. Rcd1 Rc2 28. Ra3 c5 29. Qa1 g5 30. Nxe6 Nxe6 31. Ra8 Qe7 32. Qh8+ 1-0

[Event "12th Asrian Memorial 2019"]
[Site "Yerevan"]
[Date "2019.06.12"]
[Round "2.11"]
[White "Muradyan, Robert"]
[Black "Gholami Orimi, Mahdi"]
[Result "1/2-1/2"]
[ECO "D37"]
[WhiteElo "2144"]
[BlackElo "2445"]
[Annotator "NA"]
[PlyCount "89"]
[EventDate "2019.06.11"]
[EventType "swiss"]
[EventCountry "ARM"]
[SourceTitle "playchess.com"]
[Source "ChessBase"]
[SourceQuality "1"]
[TimeControl "40/5400+30:1800+30"]

1. d4 Nf6 2. Nf3 e6 3. c4 d5 4. Nc3 dxc4 5. e3 a6 6. a4 b6 7. Bxc4 Bb7 8. O-O Bb4 9. Qe2 Nbd7 10. Rd1 O-O 11. Bd3 Bxf3 12. Qxf3 e5 13. Qh3 exd4 14. Nd5 Bd6 15. exd4 Re8 16. Bg5 h6 17. Bh4 g5 18. Nxf6+ Nxf6 19. Bg3 Bxg3 20. Qxg3 Nd5 21. Qf3 Qd6 22. Bc4 Nf6 23. Rac1 Qf4 24. Qxf4 gxf4 25. g3 fxg3 26. hxg3 Re7 27. b3 a5 28. Bb5 Rd8 29. Kg2 Kg7 30. Rd2 Rd6 31. Re2 Rxe2 32. Bxe2 Rd7 33. Bb5 Re7 34. Bc6 Nh7 35. Rc2 Ng5 36. Bb5 f5 37. Rc6 Ne6 38. Rc4 Ng5 39. b4 axb4 40. Rxb4 Nf7 41. Bd3 Nd6 42. a5 bxa5 43. Ra4 Re1 44. Rxa5 Rd1 45. Bxf5 1/2-1/2

[Event "12th Asrian Memorial 2019"]
[Site "Yerevan"]
[Date "2019.06.12"]
[Round "2.12"]
[White "Davtyan, Artur"]
[Black "Yeremyan, Alen"]
[Result "1-0"]
[ECO "E94"]
[WhiteElo "2431"]
[BlackElo "2128"]
[Annotator "NA"]
[PlyCount "71"]
[EventDate "2019.06.11"]
[EventType "swiss"]
[EventCountry "ARM"]
[SourceTitle "playchess.com"]
[Source "ChessBase"]
[SourceQuality "1"]
[TimeControl "40/5400+30:1800+30"]

1. d4 Nf6 2. c4 g6 3. Nc3 Bg7 4. e4 d6 5. Be2 O-O 6. Nf3 e5 7. O-O exd4 8. Nxd4 Nc6 9. Be3 Re8 10. f3 Nd7 11. Qd2 Nc5 12. Rad1 Be6 13. Rfe1 a5 14. Bf1 a4 15. Qf2 Qe7 16. Ndb5 Ne5 17. Nd5 Bxd5 18. cxd5 Red8 19. Qc2 Na6 20. a3 c6 21. Nc3 Nc5 22. Bxc5 dxc5 23. f4 Ng4 24. e5 cxd5 25. Nxd5 Qh4 26. g3 Qh5 27. h3 Nxe5 28. fxe5 Bxe5 29. Qxc5 Kg7 30. Nf4 Qg5 31. Qf2 Bf6 32. Kh2 Rac8 33. Bg2 Qf5 34. Rf1 Rxd1 35. Rxd1 Rc2 36. Nh5+ 1-0

[Event "12th Asrian Memorial 2019"]
[Site "Yerevan"]
[Date "2019.06.13"]
[Round "3.1"]
[White "Shahinyan, David"]
[Black "Onischuk, Vladimir"]
[Result "0-1"]
[ECO "A04"]
[WhiteElo "2429"]
[BlackElo "2630"]
[Annotator "RC"]
[PlyCount "164"]
[EventDate "2019.06.11"]
[EventType "swiss"]
[EventCountry "ARM"]
[SourceTitle "playchess.com"]
[Source "ChessBase"]
[SourceQuality "1"]
[TimeControl "40/5400+30:1800+30"]

1. Nf3 g6 2. g3 Bg7 3. d4 Nf6 4. Bg2 O-O 5. O-O d6 6. c4 c6 7. Nc3 a6 8. e4 Bg4 9. Qb3 Qc7 10. Be3 Bxf3 11. Bxf3 Nbd7 12. Rfd1 Rfd8 13. Rac1 e5 14. dxe5 Nxe5 15. Be2 Qe7 16. f4 Ned7 17. Bf3 Nc5 18. Bxc5 dxc5 19. e5 Ne8 20. Ne4 f5 21. exf6 Rxd1+ 22. Rxd1 Nxf6 23. Nd6 Rb8 24. Bxc6 Ng4 25. Bd5+ Kf8 26. Ne4 Bd4+ 27. Rxd4 cxd4 28. Qd1 h5 29. Qxd4 Qg7 30. Qb6 Re8 31. h3 Nh6 32. Qd6+ Qe7 33. Qxg6 Qg7 34. Qd6+ Re7 35. Qb8+ Re8 36. Qd6+ Re7 37. g4 Qd4+ 38. Kh2 Nf7 39. Qc5 Qxb2+ 40. Kg3 b6 41. Qc8+ Kg7 42. Qf5 hxg4 43. hxg4 Qa1 44. g5 Qg1+ 45. Kf3 Qf1+ 46. Nf2 Qe2+ 47. Kg2 Qb2 48. Be4 Qd4 49. Bd3 Nd6 50. Qg6+ Kf8 51. f5 Rg7 52. Qh6 Nf7 53. Qh2 Rxg5+ 54. Kf3 Kg7 55. Qc7 Rg1 56. Be4 Qd6 57. Qb7 Qg3+ 58. Ke2 Qc3 59. Bd3 Qe1+ 60. Kf3 Qe5 61. Ne4 Qxf5+ 62. Ke3 Qe6 63. Qd5 Qh6+ 64. Kd4 Qf4 65. Kc3 Rc1+ 66. Kb3 Qe5 67. Qd7 Rg1 68. Qh3 Qd4 69. Nc3 Rg5 70. Qh7+ Kf8 71. Bg6 Qg7 72. Qxg7+ Kxg7 73. Bxf7 Kxf7 74. Nd5 b5 75. Kb4 Rg4 76. Nb6 Ke7 77. Kc5 Rg5+ 78. Kb4 Kd6 79. a4 Kc6 80. Nd5 a5+ 81. Kc3 Rg3+ 82. Kd4 Rg4+ 0-1

[Event "12th Asrian Memorial 2019"]
[Site "Yerevan"]
[Date "2019.06.13"]
[Round "3.2"]
[White "Chibukhchian, Artur"]
[Black "Andriasian, Zaven"]
[Result "1/2-1/2"]
[ECO "E91"]
[WhiteElo "2374"]
[BlackElo "2600"]
[Annotator "RC"]
[PlyCount "43"]
[EventDate "2019.06.11"]
[EventType "swiss"]
[EventCountry "ARM"]
[SourceTitle "playchess.com"]
[Source "ChessBase"]
[SourceQuality "1"]
[TimeControl "40/5400+30:1800+30"]

1. Nf3 Nf6 2. c4 g6 3. Nc3 Bg7 4. e4 d6 5. d4 O-O 6. Be2 Nbd7 7. O-O e5 8. Be3 exd4 9. Nxd4 Re8 10. f3 Nc5 11. Qd2 Bd7 12. b4 Ne6 13. Rad1 a5 14. a3 axb4 15. axb4 Qe7 16. Ndb5 Bxb5 17. cxb5 Ra3 18. Nb1 Ra1 19. Nc3 Ra3 20. Nb1 Ra1 21. Nc3 Ra3 22. Nb1 1/2-1/2

[Event "12th Asrian Memorial 2019"]
[Site "Yerevan"]
[Date "2019.06.13"]
[Round "3.3"]
[White "Kulaots, Kaido"]
[Black "Davtyan, Artur"]
[Result "1/2-1/2"]
[ECO "A06"]
[WhiteElo "2574"]
[BlackElo "2431"]
[Annotator "ChessBase"]
[PlyCount "106"]
[EventDate "2019.06.11"]
[EventType "swiss"]
[EventCountry "ARM"]
[SourceTitle "playchess.com"]
[Source "ChessBase"]
[SourceQuality "1"]
[TimeControl "40/5400+30:1800+30"]

1. Nf3 d5 2. g3 Nf6 3. Bg2 e6 4. O-O Be7 5. c4 dxc4 6. Qc2 c5 7. Na3 Nc6 8. Nxc4 O-O 9. b3 b5 10. Nce5 Nb4 11. Qb1 Bb7 12. Bb2 Qb6 13. a3 Nc6 14. Nxc6 Bxc6 15. Qc2 Rac8 16. d3 Rfd8 17. Rac1 h6 18. Qb1 Bd5 19. Nd2 Qb7 20. Bf3 Nd7 21. Rc2 Rc7 22. Qa1 Bf8 23. Rfc1 Rdc8 24. e4 Bc6 25. b4 cxb4 26. axb4 e5 27. d4 Bxb4 28. Nb3 Nb6 29. d5 Be8 30. Rxc7 Rxc7 31. Rxc7 Qxc7 32. Bxe5 Qc4 33. Bxg7 Qxb3 34. Qf6 Bf8 35. Bxf8 Kxf8 36. Qxh6+ Ke7 37. d6+ Kd8 38. Qg5+ Kc8 39. Bg4+ Bd7 40. Qc5+ Kb7 41. Bxd7 Qb1+ 42. Kg2 Qxe4+ 43. f3 Qe2+ 44. Kh3 Nxd7 45. Qc7+ Ka6 46. Qxd7 Qxf3 47. Qc8+ Kb6 48. Qc7+ Ka6 49. Qc5 f5 50. Qe5 Qd1 51. Qe6 Kb6 52. d7+ Kc7 53. Qe5+ Kc6 1/2-1/2